 Dungeon Crawl Stone Soup version 0.29-a0-845-g6161e89988 (webtiles) character file.

Game seed: 15929812879092185715

11356 gobodom the Thaumaturge (level 11, -7/74 HPs)
             Began as a Demonspawn Fire Elementalist on July 15, 2022.
             Mangled by a fire elemental (11 damage)
             ... summoned by a deep elf pyromancer
             ... on level 11 of the Dungeon.
             The game lasted 00:51:31 (11446 turns).

gobodom the Thaumaturge (DsFE)                     Turns: 11446, Time: 00:51:34

Health: -7/74      AC: 13    Str: 15    XL:     11   Next: 48%
Magic:  7/23       EV: 15    Int: 24    God:
Gold:   735        SH:  0    Dex: 22    Spells: 10/27 levels left

rFire   . . .      SeeInvis .   s - +7 Throatcutter {drain, coup de grace}
rCold   . . .      Faith    .   (no shield)
rNeg    . . .      Spirit   .   a - +0 robe
rPois   .          Reflect  .   h - +2 hat {Int+3}
rElec   .          Harm     .   O - +2 cloak {Stlth+}
rCorr   .          Rampage  .   U - +1 pair of gloves {Dex+3}
Will    .....                   (no boots)
Stlth   ++++......              r - amulet of regeneration
HPRegen 1.02/turn               E - +6 ring of dexterity
MPRegen 0.18/turn               K - +6 ring of strength

@: no status effects
A: hooves 2, spiny 1, sharp scales 2, shaggy fur 2
a: no special abilities


You were on level 11 of the Dungeon.
You visited 1 branch of the dungeon, and saw 11 of its levels.
You also visited: Sewer.

You collected 735 gold pieces.

Inventory:

Hand Weapons
 f - a +3 dagger of venom
 l - the +8 long sword of Xicesij {vorpal, Str+3}
   (You found it on level 10 of the Dungeon)

   It inflicts extra damage upon your enemies.
   Str:       It affects your strength (+3).
 s - the +7 Throatcutter (weapon) {drain, coup de grace}
   (You took it off Terence on level 2 of the Dungeon)

   A truly terrible weapon, it drains the life of any living foe it strikes.
   It may instantly kill foes which have little health.
 y - a +4 quarterstaff of chaos
Missiles
 u - a throwing net
 A - 7 curare-tipped darts
 F - 5 silver javelins
Armour
 a - a +0 robe (worn)
 h - a +2 hat of intelligence (worn)
 q - the +4 ring mail of Recklessness {rC++}
   (You found it on level 2 of the Dungeon)

   rC:        It greatly protects you from cold.
 v - a +0 troll leather armour
 O - a +2 cloak of stealth (worn)
 S - an orb of guile
 U - a +1 pair of gloves of dexterity (worn)
Magical Staves
 i - a staff of poison
 x - a staff of conjuration
Jewellery
 k - a ring of flight
 r - an amulet of regeneration (around neck)
 E - a +6 ring of dexterity (left hand)
 K - a +6 ring of strength (right hand)
 L - a ring of positive energy
 R - a ring of ice
Wands
 w - a wand of flame (45)
 H - a wand of charming (5)
 M - a wand of roots (12)
 N - a wand of mindburst (11)
Scrolls
 d - 4 scrolls of teleportation
 e - 2 scrolls of immolation
 p - 2 scrolls of poison
 z - a scroll of brand weapon {unknown}
 C - a scroll of fog
 D - 2 scrolls of magic mapping
 T - a scroll of identify
Potions
 b - a potion of magic
 c - 4 potions of resistance
 g - 4 potions of ambrosia
 j - 2 potions of invisibility
 m - 4 potions of haste
 o - 3 potions of brilliance
 t - a potion of mutation
 B - 2 potions of attraction
 G - 6 potions of curing
 I - a potion of flight
 J - 3 potions of heal wounds
 P - a potion of lignification
 Q - a potion of cancellation


   Skills:
 + Level 2.8 Fighting
 + Level 5.7 Long Blades
 + Level 3.3 Armour
 + Level 4.3 Dodging
 + Level 3.8 Stealth
 + Level 8.8 Spellcasting
 + Level 8.3 Conjurations
 + Level 1.2 Hexes
 + Level 8.6 Fire Magic
 * Level 1.4 Poison Magic
 * Level 1.6 Evocations


You had 10 spell levels left.
You knew the following spells:

 Your Spells              Type           Power      Damage    Failure   Level
a - Foxfire               Conj/Fire      100%       2x1d9     1%          1
b - Scorch                Fire           100%       2d10      1%          2
c - Conjure Flame         Conj/Fire      50%        6-21      1%          3
d - Inner Flame           Hex/Fire       34%        N/A       2%          3
e - Flame Wave            Conj/Fire      50%        2d10      1%          4
f - Sticky Flame          Conj/Fire      50%        2d7       1%          4

Your spell library contained the following spells:

 Spells                   Type           Power      Damage    Failure   Level
 Shock                    Conj/Air       100%       1d9       1%          1
 Static Discharge         Conj/Air       30%        3-7/arc   1%          2
 Sublimation of Blood     Necr           10%        N/A       9%          2
 Wereblood                Tmut           10%        N/A       9%          2
 Fulminant Prism          Conj/Hex       16%        3d11      9%          4
 Iskenderun's Mystic Bla  Conj/Tloc      30%        2d8       11%         4
 Ozocubu's Armour         Ice            10%        N/A       19%         3
 Swiftness                Air            10%        N/A       19%         3
 Cause Fear               Hex            8%         N/A       36%         4
 Airstrike                Air            5%         0-3+      52%         4
 Dispel Undead            Necr           10%        3d9       52%         4
 Lee's Rapid Deconstruct  Erth           5%         3d7*      86%         5
 Dragon Form              Tmut           5%         N/A       100%        7
 Ozocubu's Refrigeration  Ice            5%         4d6       100%        7
 Summon Hydra             Summ           5%         N/A       100%        7
 Dragon's Call            Summ           5%         N/A       100%        9


Dungeon Overview and Level Annotations

Branches:
Dungeon (11/15)            Temple (0/1) D:7            Lair (0/6) D:9
    Orc (0/2) D:10          Sewer (visited)

Altars:
Kikubaaqudgha
Okawaru

Shops:
D:1 =


Innate Abilities, Weirdness & Mutations

You have hoof-like feet.
You are partially covered in sharp spines.
You are mostly covered in razor-sharp scales. (AC +2, Slay +2)
You are covered in thick fur. (AC +2)


Message History

The fire elemental hits you. The fire elemental burns you!
You slash the fire elemental!
You put the fire elemental out of its misery!
You destroy the fire elemental!
The fire elemental disappears in a puff of smoke!
You hit the fire elemental.
You kick the fire elemental, but do no damage.
The fire elemental is lightly damaged.
The fire elemental hits you. The fire elemental burns you!
The fire elemental hits you. The fire elemental burns you!
You hit the fire elemental.
The fire elemental is lightly damaged.
The deep elf pyromancer mumbles some strange words.
The deep elf pyromancer blinks!
The fire elemental hits you. The fire elemental burns you!
* * * LOW HITPOINT WARNING * * *
You feel much better. The fire elemental hits you.
The fire elemental burns you!
The deep elf pyromancer casts a spell.
The fire elemental is struck by your spines.
The fire elemental completely misses you.
The deep elf pyromancer hits you but does no damage.
You slash the fire elemental!
You destroy the fire elemental!
The fire elemental disappears in a puff of smoke!
The deep elf pyromancer is no longer more vulnerable to fire.
The deep elf pyromancer gestures at you while chanting.
The bolt of fire misses you.
You slash the deep elf pyromancer!
You kick the deep elf pyromancer, but do no damage.
The deep elf pyromancer is moderately wounded.
The deep elf pyromancer hits you with a +0 rapier.
The fire elemental hits you. The fire elemental burns you!
You closely miss the fire elemental. You kick the fire elemental.
The fire elemental is lightly damaged.
The deep elf pyromancer casts a spell at you.
The bolt of fire hits you!!
* * * LOW HITPOINT WARNING * * *
The fire elemental hits you. The fire elemental burns you!
You die...

≈≈≈..............#
≈≈≈≈.............#
#≈≈.............#
!#≈≈.............#
e.e≈....>..##....# .
e#°°......°##...# ..
#≈S○.....°##...##...
≈≈≈≈.......E.e.......
≈≈≈......°○#@........
...........#.).......
#######+####'###########
..................#
#.................+
#.....#####.......#
#.....#####.......#
.[................#
...#+####.........#


You could see a deep elf pyromancer and a fire elemental (summoned).

Vanquished Creatures
  A two-headed ogre (D:9)
  A deep elf pyromancer (D:11)
  3 deep elf zephyrmancers (D:11)
  A cyclops (D:11)
  Maurice (D:9)
  An unseen horror (D:10)
  A gargoyle (D:10)
  A komodo dragon (D:9)
  A kobold demonologist (D:11)
  5 trolls
  A hornet (D:8)
  Sigmund (D:2)
  A wraith (D:10)
  A shadow (D:10)
  A wyvern (D:9)
  5 yaks
  2 steam dragons
  4 vampire mosquitoes (D:10)
  A water moccasin (D:8)
  3 orc warriors
  A sky beast (D:7)
  A black bear (D:8)
  3 ice beasts
  An ogre (D:6)
  5 centaurs
  2 phantoms (D:5)
  3 kobold brigands
  4 necrophages
  4 bullfrogs
  4 scorpions
  3 wights (D:7)
  9 killer bees
  2 howler monkeys
  Crazy Yiuf (D:3)
  5 orc priests
  4 hounds
  2 jellies
  Terence (D:2)
  5 iguanas
  17 orc wizards
  Robin (D:3)
  9 adders
  3 river rats (Sewer)
  2 shadow imps (D:8)
  5 worms
  4 dart slugs
  20 orcs
  2 bats
  8 endoplasms
  5 giant cockroaches (D:6)
  19 goblins
  10 hobgoblins
  2 jackals (D:3)
  5 quokkas
  13 ball pythons
  A frilled lizard (D:2)
  18 kobolds
  12 rats
252 creatures vanquished.

Vanquished Creatures (others)
  936 foxfires
  3 plants (D:9)
939 creatures vanquished.

Grand Total: 1191 creatures vanquished

Notes
Turn   | Place    | Note
-------+----------+-------------------------------------------
     0 | D:1      | gobodom the Demonspawn Fire Elementalist began the quest
                  | for the Orb.
     0 | D:1      | Reached XP level 1. HP: 13/13 MP: 3/3
   418 | D:1      | Gained mutation: You have large cloven feet. [demonic
                  | ancestry]
   418 | D:1      | Reached XP level 2. HP: 19/19 MP: 0/5
   578 | D:1      | Found Uthroh's Jewellery Emporium.
  1246 | D:1      | Found a faded altar of an unknown god.
  1445 | D:2      | Reached XP level 3. HP: 19/24 MP: 3/6
  1644 | D:2      | Identified the +4 ring mail of Recklessness {rC++}
  1829 | D:2      | Noticed Terence
  1854 | D:2      | Killed Terence
  1970 | D:2      | Noticed Sigmund
  1986 | D:2      | Killed Sigmund
  1987 | D:2      | Gained mutation: You have hoof-like feet. [demonic
                  | ancestry]
  1987 | D:2      | Reached XP level 4. HP: 26/30 MP: 1/8
  1987 | D:2      | Reached XP level 5. HP: 30/35 MP: 1/9
  2348 | D:3      | Learned a level 2 spell: Scorch
  2563 | D:3      | Noticed Robin
  2574 | D:3      | Killed Robin
  2586 | D:3      | Reached XP level 6. HP: 41/41 MP: 5/11
  2862 | D:3      | Found a runed translucent door.
  2864 | D:3      | Noticed Crazy Yiuf
  3146 | D:3      | Killed Crazy Yiuf
  3147 | D:3      | Reached skill level 1 in Long Blades
  3854 | D:4      | Gained mutation: You are partially covered in sharp spines.
                  | [demonic ancestry]
  3854 | D:4      | Reached XP level 7. HP: 40/46 MP: 2/13
  4166 | D:5      | Entered Level 5 of the Dungeon
  5090 | D:5      | Reached XP level 8. HP: 53/53 MP: 11/15
  5348 | D:6      | Reached skill level 5 in Spellcasting
  5348 | D:6      | Reached skill level 5 in Fire Magic
  5384 | D:6      | Reached skill level 1 in Fighting
  5558 | D:6      | Noticed a hornet
  5561 | D:6      | Found a glowing drain.
  5588 | Sewer    | Entered a sewer
  6408 | D:6      | Found an ancient bone altar of Kikubaaqudgha.
  6713 | D:6      | Reached skill level 5 in Conjurations
  7035 | D:7      | Reached XP level 9. HP: 59/59 MP: 12/18
  7290 | D:7      | Found a staircase to the Ecumenical Temple.
  7778 | D:7      | Gained mutation: You are covered in fur. (AC +1) [potion of
                  | mutation]
  7778 | D:7      | Gained mutation: You are covered in thick fur. (AC +2)
                  | [potion of mutation]
  8500 | D:8      | Reached skill level 5 in Long Blades
  8500 | D:8      | Gained mutation: You are partially covered in razor-sharp
                  | scales. (AC +1, Slay +1) [demonic ancestry]
  8500 | D:8      | Reached XP level 10. HP: 67/67 MP: 14/20
  8840 | D:9      | Noticed Maurice
  8850 | D:9      | Killed Maurice
  8916 | D:9      | Found a staircase to the Lair.
  8936 | D:9      | Reached skill level 1 in Armour
  9024 | D:9      | Noticed a two-headed ogre
  9039 | D:9      | Killed a two-headed ogre
  9733 | D:9      | Found an iron altar of Okawaru.
  9785 | D:10     | Entered Level 10 of the Dungeon
  9797 | D:10     | Identified the +8 long sword of Xicesij {vorpal, Str+3}
 10398 | D:10     | Found a staircase to the Orcish Mines.
 10475 | D:10     | Gained mutation: You are mostly covered in razor-sharp
                  | scales. (AC +2, Slay +2) [demonic ancestry]
 10475 | D:10     | Reached XP level 11. HP: 74/74 MP: 17/23
 11277 | D:11     | Learned a level 3 spell: Conjure Flame
 11281 | D:11     | Learned a level 3 spell: Inner Flame
 11286 | D:11     | Learned a level 4 spell: Flame Wave
 11291 | D:11     | Learned a level 4 spell: Sticky Flame
 11342 | D:11     | Reached skill level 1 in Hexes
 11409 | D:11     | Noticed a deep elf zephyrmancer
 11409 | D:11     | Noticed a deep elf pyromancer
 11410 | D:11     | Noticed a deep elf zephyrmancer
 11411 | D:11     | Noticed a deep elf zephyrmancer
 11423 | D:11     | Noticed a deep elf pyromancer
 11427 | D:11     | Killed a deep elf zephyrmancer
 11428 | D:11     | Killed a deep elf zephyrmancer
 11429 | D:11     | Reached skill level 1 in Poison Magic
 11429 | D:11     | Reached skill level 1 in Evocations
 11431 | D:11     | Noticed a deep elf pyromancer
 11433 | D:11     | Killed a deep elf pyromancer
 11438 | D:11     | Killed a deep elf zephyrmancer
 11446 | D:11     | Mangled by a fire elemental

Illustrated notes

Levels and vault maps discovered:
D:1:      wander_arrival_fairy_ring, layout_rooms, serial_shops,
          nicolae_shop_advertising_works [nicolae_subvault_shop_adworks],
          shapermc_ecumenical_altar_petra, minmay_tall_x
D:2:      layout_basic, uniq_terence, uniq_sigmund
D:3:      layout_basic, uniq_robin, uniq_crazy_yiuf_cottage
D:4:      layout_basic
D:5:      layout_loops_corners, item_on_display_a
D:6:      layout_loops_ring, mainiacjoe_overflow_catch_the_wave,
          gup_sewer_entry_glass, minmay_misc_feat_rugged, st_stairs_12
D:7:      layout_loops_cross, temple_hall, due_unseen_surprise
D:8:      layout_cave_pools, chequers_serial_rivers_small_b
D:9:      layout_rooms, mainiacjoe_overflow_alcove_2, david_lair_shrubbed,
          skrybe_limestone_x, eino_jars, uniq_maurice
D:10:     minmay_flawed_box, layout_basic, minmay_circle_x
D:11:     layout_stronghold, nicolae_hexahallways, elves_outpost_lemuel

Skill      XL: |  1  2  3  4  5  6  7  8  9 10 11 |
---------------+----------------------------------+-----
Dodging        | 2 3 4 |  4.3
Fire Magic     | 3 4 5 6 8 |  8.6
Stealth        | 2 3 |  3.8
Spellcasting   | 3 4 6 7 8 |  8.8
Conjurations   | 2 3 4 5 6 7 8 |  8.3
Long Blades    | 1 2 3 5 |  5.7
Fighting       | 1 2 |  2.8
Armour         | 2 3 |  3.3
Hexes          | 1 |  1.2
Poison Magic   | 1 |  1.4
Evocations     | 1 |  1.6

Action                   |  1- 3 |  4- 6 |  7- 9 | 10-12 || total
-------------------------+-------+-------+-------+-------++-------
Melee: Unarmed           |    11 |       |       |       ||    11
       Punch             |     1 |       |     2 |     1 ||     4
       Dagger            |     7 |       |       |       ||     7
       Kick              |     2 |    10 |    20 |    20 ||    52
       Long sword        |     3 |    39 |    98 |    58 ||   198
 Cast: Foxfire           |    73 |    82 |   247 |   189 ||   591
       Scorch            |       |     2 |       |    20 ||    22
       Sticky Flame      |       |       |       |     1 ||     1
       Flame Wave        |       |       |       |     1 ||     1
Evoke: Wand              |       |       |       |     1 ||     1
  Use: Scroll            |     5 |     3 |     5 |    17 ||    30
       Potion            |       |       |     1 |     1 ||     2
 Stab: Sleeping          |       |     1 |       |       ||     1
Armor: Robe              |     3 |    22 |    21 |    14 ||    60
       Ring mail         |       |       |     6 |    49 ||    55
Dodge: Dodged            |    10 |    25 |    80 |    57 ||   172

Table legend: (Time is in decaauts)
 A = Elapsed time spent in this place.
 B = Non-inter-level travel time spent in this place.
 C = Inter-level travel time spent in this place.
 D = Time resting spent in this place.
 E = Time spent auto-exploring this place.
 F = Levels seen in this place.
 G = Mean time per level.
                   A        B        C        D        E       F      G
               +--------+--------+--------+--------+--------+-----+--------+
         Total |  11649 |  11278 |    371 |    176 |   8899 |  12 |  970.8 |
       Dungeon |  10771 |  10400 |    371 |     76 |   8378 |  11 |  979.2 |
         Sewer |    878 |    878 |      0 |    100 |    521 |   1 |  878.0 |
               +--------+--------+--------+--------+--------+-----+--------+

Top non-repeatable levels by time:
     D:1: 1368 daAuts
    D:10: 1222 daAuts
     D:5: 1132 daAuts
     D:7: 1029 daAuts
     D:3: 995 daAuts
     D:9: 979 daAuts
     D:8: 975 daAuts
     D:4: 912 daAuts
     D:2: 903 daAuts
   Sewer: 878 daAuts
     D:6: 805 daAuts
    D:11: 445 daAuts
